 Dungeon Crawl Stone Soup version 0.31.0-11-ge490571c62 (webtiles) character file.

Game seed: 17793601221749644627

199 qw the Shooter (level 5, -3/26 HPs)
             Began as a Spriggan Hunter on Feb 5, 2024.
             Incinerated by a bombardier beetle (4 damage)
             ... with a burning spray
             ... on level 3 of the Dungeon.
             The game lasted 00:00:35 (1978 turns).

qw the Shooter (Spriggan Hunter)                    Turns: 1978, Time: 00:00:36

Health: -3/26      AC:  2    Str:  7    XL:     5   Next: 48%
Magic:  6/6        EV: 20    Int: 11    God:
Gold:   150        SH:  0    Dex: 20    Spells: 4/4 levels left

rFire   . . .        a - +0 shortbow
rCold   . . .        (shield currently unavailable)
rNeg    . . .        c - +0 robe
rPois   .            (helmet restricted)
rElec   .            (no cloak)
rCorr   .            (gloves unavailable)
SInv    +            (boots unavailable)
Will    .....        (no amulet)
Stlth   +            (no ring)
HPRegen 0.24/turn    (no ring)
MPRegen 0.10/turn

%: no passive effects
@: on fire, glowing, very quick
A: very small, no large weapons, unfitting armour, see invisible, speed 3
a: no special abilities


You were on level 3 of the Dungeon.
You visited 1 branch of the dungeon, and saw 3 of its levels.

You collected 150 gold pieces.


Innate Abilities, Weirdness & Mutations

You are very small and have problems with some larger weapons.
You are too small for most types of armour.
You have supernaturally acute eyesight. (SInv)
You cover ground extremely quickly. (Speed+++)


   Skills:
 - Level 2.0 Fighting
 + Level 5.5 Ranged Weapons
 - Level 5.4 Dodging
 - Level 1.5 Stealth


You had 4 spell levels left.
You didn't know any spells.
Your spell library was empty.

Inventory:

Hand Weapons
 a - a +0 shortbow (weapon)
Armour
 c - a +0 robe (worn)
Wands
 d - a wand of light (6)
 f - a wand of charming (5)
Scrolls
 b - a scroll of silence {unknown}
 g - a scroll of identify
Potions
 e - a potion of lignification {unknown}

Dungeon Overview and Level Annotations

Branches:
Dungeon (3/15)

Altars:


Message History

The orc wizard closely misses you.
You shoot an arrow. The arrow barely misses the orc wizard.
The orc wizard completely misses you.
You shoot an arrow. The arrow hits the orc wizard.
You kill the orc wizard!
There is an open door, spattered with blood here.
Things that are here:
a +0 dagger; a +0 robe
g - a scroll of identify You now have 150 gold pieces (gained 8).
As you open the door, it creaks loudly!
There is an open door here.
You open the door.
A bombardier beetle comes into view.
You shoot an arrow. The arrow hits the bombardier beetle.
The bombardier beetle is moderately wounded.
You shoot an arrow.
The arrow barely misses the bombardier beetle.
The bombardier beetle sprays incendiary fluid at you.
The burning spray hits you.
You are covered in liquid fire!
You shoot an arrow. The arrow hits the bombardier beetle.
The bombardier beetle is heavily wounded.
The liquid fire burns you!
You shoot an arrow. The arrow hits the bombardier beetle!
You kill the bombardier beetle!
The liquid fire burns you!
You are on fire!
The liquid fire burns you!
You are on fire!
The liquid fire burns you!
You are on fire!
The liquid fire burns you!
You are on fire!
The liquid fire burns you!
You are on fire!
The liquid fire burns you!
You are on fire!
The liquid fire burns you!
You die...

#.#..###.....###..
#.'...###.....###.
#.#....####%### ##
#.#.....#.....# #
#.##....#.....#
#.###..))...[(+
#.# ##..#..)..#
#.# ##.#.....# #@#
#####+### #.'...#
#.#....# #.#.%...#
#.# ..... #.#
#.... #.# ##+# #..


There were no monsters in sight!

Vanquished Creatures
  2 bombardier beetles (D:3)
  An orc wizard (D:3)
  Robin (D:2)
  2 adders
  A ribbon worm (D:3)
  2 orcs (D:3)
  7 endoplasms
  4 giant cockroaches
  7 hobgoblins
  8 jackals (D:1)
  6 kobolds
  4 quokkas
  2 ball pythons (D:1)
  3 bats
  3 frilled lizards
  13 goblins
  3 rats
  A spectral hobgoblin (D:2)
70 creatures vanquished.

Notes
Turn   | Place    | Note
-------+----------+-------------------------------------------
     0 | D:1      | qw the Spriggan Hunter began the quest for the Orb.
     0 | D:1      | Reached XP level 1. HP: 10/10 MP: 2/2
     0 | D:1      | 0 ||| qw: Version: 0.3-a-160-g6735b56
     0 | D:1      | 0 ||| qw: Game counter: 6180
     0 | D:1      | 0 ||| qw: Melee chars always use a shield: true
     0 | D:1      | 0 ||| qw: God list: Okawaru
     0 | D:1      | 0 ||| qw: Allow faded altars: false
     0 | D:1      | 0 ||| qw: Do Orc after clearing Dungeon:15 true
     0 | D:1      | 0 ||| qw: Do second Lair branch before Depths: true
     0 | D:1      | 0 ||| qw: Lair rune preference: random
     0 | D:1      | 0 ||| qw: Goals: Normal
     0 | D:1      | 0 ||| PLANNING D:1-11
    23 | D:1      | Reached skill level 3 in Dodging
   140 | D:1      | Reached XP level 2. HP: 14/14 MP: 3/3
   199 | D:1      | You fall into a shaft and drop 1 floor!
   221 | D:2      | 221 ||| RETREEEEATING.
   363 | D:2      | Reached XP level 3. HP: 18/18 MP: 4/4
   430 | D:2      | 430 ||| READING 4 scrolls labelled ONUB IGEDELOSK.
   431 | D:2      | 431 ||| READING 2 scrolls labelled CYRCHI ATOAS.
   432 | D:2      | 432 ||| DROPPING scroll of butterflies.
   433 | D:2      | 433 ||| DROPPING 3 scrolls of fear.
   936 | D:1      | 936 ||| READING scroll of identify.
   936 | D:1      | 936 ||| IDENTIFYING scroll labelled UGIL PAUF
   937 | D:1      | 937 ||| DROPPING scroll of torment.
  1107 | D:2      | Noticed Robin
  1118 | D:2      | Reached XP level 4. HP: 9/22 MP: 5/5
  1118 | D:2      | Killed Robin
  1188 | D:2      | Found a faded altar of an unknown god.
  1585 | D:2      | 1585 ||| DRINKING 2 emerald potions.
  1586 | D:2      | 1586 ||| DROPPING potion of invisibility.
  1842 | D:3      | 1842 ||| Stepping randomly (stuck).
  1843 | D:3      | HP: 5/23 [ribbon worm (6)]
  1845 | D:3      | Reached XP level 5. HP: 6/26 MP: 6/6
  1976 | D:3      | HP: 6/26 [burnt (3)]
  1977 | D:3      | HP: 1/26 [burnt (5)]
  1978 | D:3      | Incinerated by a bombardier beetle

Levels and vault maps discovered:
D:1:      dpeg_arrival_tiny_b, layout_basic, minmay_indecisive_spiral
D:2:      layout_basic, dreamdust_ecumenical_altar_drowned_temple,
          grunt_decor_resistance, dk_noncrumbling_2, uniq_robin
D:3:      layout_rooms, grunt_temple_overflow_open, zin_angel,
          minmay_quadrilaterals, uniq_ijyb

Skill      XL: |  1  2  3  4  5 |
---------------+----------------+-----
Dodging        | 3 4 5 |  5.4
Ranged Weapons | 5 |  5.5
Fighting       | 2 |  2.0
Stealth        | |  1.5

Action                     |  1- 3 |  4- 6 || total
---------------------------+-------+-------++-------
   Fire: Shortbow          |   115 |    61 ||   176
    Use: Scroll            |     3 |       ||     3
         Potion            |       |     1 ||     1
 Armour: Robe              |    19 |     7 ||    26
  Dodge: Dodged            |    46 |    19 ||    65

Table legend:
 A = Non-vault XP
 B = Vault XP
 C = Vault XP percentage of total XP
 D = Non-vault monster count
 E = Vault monster count
 F = Vault count percentage of total count
                 A         B        C        D         E       F
            +---------+---------+-------+---------+---------+-------
      Total |     185 |     100 |  35.1 |      47 |      23 |  32.9
            +---------+---------+-------+---------+---------+-------
        D:1 |      47 |       7 |  13.0 |      26 |       4 |  13.3
        D:2 |      29 |      38 |  56.7 |      12 |      13 |  52.0
        D:3 |     109 |      55 |  33.5 |       9 |       6 |  40.0
            +---------+---------+-------+---------+---------+-------
